 Dungeon Crawl Stone Soup version 0.21.1-1-g345015f (webtiles) character file.

46 tidbits the Sneak (level 3, 25/25 HPs)
             Began as a Gnoll Enchanter on June 6, 2018.
             Quit the game on level 3 of the Dungeon.
             The game lasted 00:05:54 (657 turns).

tidbits the Sneak (Gnoll Enchanter)                  Turns: 657, Time: 00:05:55

Health: 25/25      AC:  2    Str: 10    XL:     3   Next: 66%
Magic:  9/9        EV: 14    Int: 18    God:
Gold:   69         SH:  0    Dex: 15    Spells: 3/12 levels left

rFire    . . .     SeeInvis .   a - +1 dagger
rCold    + . .     Gourm    .   (no shield)
rNeg     . . .     Faith    .   j - +0 robe
rPois    .         Spirit   .   (no helmet)
rElec    .         Reflect  .   (no cloak)
rCorr    .         Harm     .   (no gloves)
MR       .....                  (no boots)
Stlth    +++.......             (no amulet)
HPRegen  0.08/turn              W - ring of wizardry
MPRegen  0.11/turn              p - ring of protection from cold

@: no status effects
A: distributed training, fangs 1, strong nose
a: no special abilities


You were on level 3 of the Dungeon.
You were not hungry.

You visited 1 branch of the dungeon, and saw 4 of its levels.

You collected 69 gold pieces.

Inventory:

Hand Weapons
 a - a +1 dagger (weapon)
 b - a +0 long sword
 l - a +0 hunting sling
Missiles
 h - 34 sling bullets
 m - 41 stones (quivered)
 s - 25 arrows
Armour
 j - a +0 robe (worn)
Jewellery
 p - a ring of protection from cold (right hand)
   (You found it on level 3 of the Dungeon)
 W - a ring of wizardry (left hand)
   (You found it on level 1 of the Dungeon)
Wands
 r - a wand of random effects (29)
Scrolls
 f - a scroll of fear {unknown}
 k - 3 scrolls of identify {unknown}
 q - a scroll of amnesia {unknown}
Potions
 e - 2 potions of brilliance {unknown}
 g - 2 potions of berserk rage {unknown}
 i - a potion of agility {unknown}
 n - a potion of flight {unknown}
 o - a potion of mutation {unknown}
Books
 c - a book of Maledictions

   Spells                             Type                      Level
   a - Corona                         Hexes                        1
   b - Ensorcelled Hibernation        Hexes/Ice                    2
   c - Confuse                        Hexes                        3
   d - Tukima's Dance                 Hexes                        3
   e - Dazzling Spray                 Conjuration/Hexes            3
Comestibles
 d - 4 rations


   Skills:
 + Level 0.9 Fighting
 + Level 2.6 Short Blades
 + Level 0.9 Long Blades
 + Level 0.9 Axes
 + Level 0.9 Maces & Flails
 + Level 0.9 Polearms
 + Level 0.9 Staves
 + Level 0.9 Slings
 + Level 0.9 Bows
 + Level 0.9 Crossbows
 + Level 0.9 Throwing
 + Level 0.9 Armour
 + Level 4.5 Dodging
 + Level 6.0 Stealth
 + Level 0.9 Shields
 + Level 0.9 Unarmed Combat
 + Level 5.0 Spellcasting
 + Level 0.6 Conjurations
 + Level 5.4 Hexes
 + Level 0.6 Charms
 + Level 0.6 Summonings
 + Level 0.6 Necromancy
 + Level 0.6 Translocations
 + Level 0.6 Transmutations
 + Level 0.6 Fire Magic
 + Level 0.6 Ice Magic
 + Level 0.6 Air Magic
 + Level 0.6 Earth Magic
 + Level 0.6 Poison Magic
 + Level 1.0 Invocations
 + Level 0.9 Evocations


You had 3 spell levels left.
You knew the following spells:

 Your Spells              Type           Power        Failure   Level  Hunger
a - Corona                Hex            ###....      1%          1    None
c - Confuse               Hex            ###.....     1%          3    ##.....
d - Dazzling Spray        Conj/Hex       ###...       4%          3    ##.....
e - Ensorcelled Hibernat  Hex/Ice        ###...       2%          2    #......


Dungeon Overview and Level Annotations

Branches:
Dungeon (4/15)
 Temple: D:4-7

Altars:
Makhleb
Sif Muna
Vehumet
Wu Jian
Zin


Innate Abilities, Weirdness & Mutations

Your experience applies equally to all skills.
You have very sharp teeth.
Your uncanny sense of smell can sniff out nearby items.


Message History

Aiming: Ensorcelled Hibernation
Press: ? - help, Shift-Dir - straight line, f - adder
Aim: an adder (chance to defeat MR: 54%)
The adder looks drowsy...
a - a +1 dagger (weapon)
The adder hisses angrily.
The adder misses you.
Casting: Ensorcelled Hibernation
Confirm with . or Enter, or press ? or * to list all spells.
Aiming: Confuse
Press: ? - help, Shift-Dir - straight line, f/p - adder
Aim: an adder (chance to defeat MR: 62%)
The adder appears confused.
The adder bites the orc.
You hit the adder.
The adder is lightly wounded.
The adder bites the orc.
The orc is killed!
You catch the helpless adder completely off-guard!
You puncture the adder!
You kill the adder!
Your Stealth skill increases to level 6!
Your Invocations skill increases to level 1!
Casting: Confuse
Confirm with . or Enter, or press ? or * to list all spells.
Aiming: Ensorcelled Hibernation
Press: ? - help, Shift-Dir - straight line, f - orc
Aim: an orc, wielding a club (chance to defeat MR: 63%)
The orc looks drowsy...
The helpless orc fails to defend itself.
You impale the orc!!
You kill the orc!
Things that are here:
a club x2; an orc corpse
Found a hand axe.
Unknown command.
The orc shouts!
Casting: Ensorcelled Hibernation
Confirm with . or Enter, or press ? or * to list all spells.
Aiming: Ensorcelled Hibernation
Press: ? - help, Shift-Dir - straight line, f - orc
Aim: an orc (chance to defeat MR: 63%)
The orc looks drowsy...
A worm comes into view.
The helpless orc fails to defend itself.
You impale the orc!!
You kill the orc!
Found a stone staircase leading down.
Found a dagger.
There is a stone staircase leading down here.
Casting: Ensorcelled Hibernation
Confirm with . or Enter, or press ? or * to list all spells.
Aiming: Corona
Press: ? - help, Shift-Dir - straight line, f - orc
Aim: an orc, wielding a whip and wearing a scale mail (chance to defeat MR: 79%)
The orc is outlined in light.
b - a +0 long sword (weapon)
You closely miss the orc. You bite the orc, but do no damage.
The orc closely misses you.
You riposte.
You barely miss the orc. You barely miss the orc. The orc closely misses you.
You riposte.
You hit the orc.
The orc is moderately wounded.
You hit the orc.
The orc is heavily wounded.
The orc hits you but does no damage. The orc closely misses you.
You hit the orc but do no damage.
The orc is heavily wounded.
The orc barely misses you.
You hit the orc.
The orc is severely wounded.
The orc hits you with a whip.
You barely miss the orc.
The orc is severely wounded.
The orc hits you with a whip. x2
You hit the orc.
The orc is almost dead.
The orc stops glowing.
The orc misses you.
You riposte.
You closely miss the orc.
The orc is almost dead.
You hit the orc.
You kill the orc!
Things that are here:
a whip; a scale mail; an orc corpse
There is a stone staircase leading down here.
You climb downwards.
There is a stone staircase leading up here.
Unknown command.
a - a +1 dagger (weapon)
Found 21 gold pieces.
You see here 10 gold pieces.
You now have 58 gold pieces (gained 10).
You see here 11 gold pieces.
You now have 69 gold pieces (gained 11).
Found 22 stones.
You see here 22 stones.
m - 41 stones (gained 22)
There is a stone staircase leading up here.
You climb upwards.
There is a stone staircase leading down here.
Unknown command.
Are you sure you want to abandon this character and quit the game? (Confirm with "yes".)

............#
........)####
.#######.# .# #.# ###
)# #.# #.. .# #.# #.#
.##### #.# #.# #....#
#.######.########
.###.#
#.#...)..@....... #
#.###...####.########
#........[>..#
##############


There were no monsters in sight!

Vanquished Creatures
  An adder (D:3)
  An ooze (D:2)
  A dart slug (D:1)
  4 orcs (D:3)
  A ball python (D:1)
  A giant cockroach (D:3)
  A goblin (D:2)
  5 hobgoblins
  2 kobolds
  4 bats
  3 frilled lizards
  4 rats
28 creatures vanquished.

Notes
Turn   | Place    | Note
-------+----------+-------------------------------------------
     0 | D:1      | tidbits the Gnoll Enchanter began the quest for the Orb.
     0 | D:1      | Reached XP level 1. HP: 13/13 MP: 6/6
    67 | D:2      | Reached XP level 2. HP: 14/19 MP: 4/7
    72 | D:2      | Learned a level 2 spell: Ensorcelled Hibernation
   278 | D:1      | Reached XP level 3. HP: 20/25 MP: 6/9
   308 | D:1      | Learned a level 3 spell: Confuse
   312 | D:1      | Learned a level 3 spell: Dazzling Spray
   338 | D:3      | Reached skill level 5 in Spellcasting
   426 | D:3      | Found a burning altar of Makhleb.
   437 | D:3      | Found a glowing silver altar of Zin.
   437 | D:3      | Found a deep blue altar of Sif Muna.
   439 | D:3      | Found a radiant altar of Vehumet.
   439 | D:3      | Found an ornate altar of the Wu Jian Council.
   537 | D:3      | Reached skill level 6 in Stealth
   537 | D:3      | Reached skill level 1 in Invocations
   657 | D:3      | Quit the game

Skill      XL: |  1  2  3 |
---------------+----------+-----
Spellcasting   | 5 |  5.0
Stealth        | 6 |  6.0
Invocations    | 1 |  1.0
Fighting       | |  0.9
Short Blades   | |  2.6
Long Blades    | |  0.9
Axes           | |  0.9
Maces & Flails | |  0.9
Polearms       | |  0.9
Staves         | |  0.9
Slings         | |  0.9
Bows           | |  0.9
Crossbows      | |  0.9
Throwing       | |  0.9
Armour         | |  0.9
Dodging        | |  4.5
Shields        | |  0.9
Unarmed Combat | |  0.9
Conjurations   | |  0.6
Hexes          | |  5.4
Charms         | |  0.6
Summonings     | |  0.6
Necromancy     | |  0.6
Translocations | |  0.6
Transmutations | |  0.6
Fire Magic     | |  0.6
Ice Magic      | |  0.6
Air Magic      | |  0.6
Earth Magic    | |  0.6
Poison Magic   | |  0.6
Evocations     | |  0.9

Action                   || total
-------------------------++-------
Melee: Dagger            ||    41
       Long sword        ||    22
       Bite              ||     2
 Cast: Corona            ||    16
       Ensorcelled Hiber ||     8
       Confuse           ||     1
 Stab: Sleeping          ||    11
       Confused          ||     1
Armor: Robe              ||    16
Dodge: Dodged            ||    61
       Rpst.: Long sword ||    10

Table legend:
 A = Turns spent in this place as a percentage of turns spent in the entire game.
 B = Non-inter-level travel turns spent in this place as a percentage of non-inter-level travel turns spent in the entire game.
 C = Inter-level travel turns spent in this place as a percentage of turns spent in this place.
 D = Turns resting spent in this place as a percentage of non-inter-level travel turns spent in this place.
 E = Turns spent auto-exploring this place as a percentage of non-inter-level travel turns spent in this place.
 F = Non-inter-level travel turns spent in this place divided by the number of levels of this place that you've seen.
                   A       B       C       D       E      F
               +-------+-------+-------+-------+-------+----------------------
         Total | 100.0 | 100.0 |   0.0 |   0.0 |   0.0 | 164.2
       Dungeon | 100.0 | 100.0 |   0.0 |   0.0 |   0.0 | 164.2
               +-------+-------+-------+-------+-------+----------------------

Table legend:
 A = Kills in this place as a percentage of kills in entire the game.
 B = Kills by you in this place as a percentage of kills by you in the entire game.
 C = Kills by friends in this place as a percentage of kills by friends in the entire game.
 D = Other kills in this place as a percentage of other kills in the entire game.
 E = Experience gained in this place as a percentage of experience gained in the entire game.
 F = Experience gained in this place divided by the number of levels of this place that you have seen.
                   A       B       C       D       E      F
               +-------+-------+-------+-------+-------+----------------------
         Total | 100.0 | 100.0 |   N/A | 100.0 | 100.0 |  16.5
       Dungeon | 100.0 | 100.0 |   N/A | 100.0 | 100.0 |  16.5
               +-------+-------+-------+-------+-------+----------------------

Vault maps used:
D:1:      eino_arrival_cavern_a
D:2:      nicolae_overflow_hidden_temple
D:3:      grunt_temple_overflow_open, first_ration, lemuel_angel_altar
D:4:      nicolae_overflow_crystal_walls
